AoeStats
← Navix de los Bosques de Lituania

Arabia

504144204Analyzed
2v2 RM · 28d ago on Sep 4, 2026· 19m 47s· 4 players
Game mode
Random Map
Map size
Medium (4 player)
Population
200
Speed
Normal
Resources
Standard
Victory
Conquest
Starting age
Dark Age
Ending age
Imperial Age
RankedLock teamsTeams togetherTeam positionsShared explorationLock speedFull tech treeHidden civsTurbo modeCheats
Victory
Defeat
🇨🇴 Romans · Colombia
712
+15
681
+16
🇨🇱 Burgundians · Chile
820
-47
550
-10
Roberto Manfinfla
11:06 Feudal Age
11:28 Wheelbarrow
11:42 Town Watch
13:13 Horse Collar
13:21 Loom
17:47 Double-Bit Axe
TESTOSTERONA > 2000 ng/dL
9:57 Feudal Age
17:28 Man-at-Arms
Navix de los Bosques de Lituania
5:59 Loom
11:51 Feudal Age
11:52 Man-at-Arms
12:17 Arson
12:32 Long Swordsman
14:54 Forging
Derzer
9:51 Feudal Age
12:10 Man-at-Arms
17:24 Scale Mail Armor
18:20 Forging
Connection lost

Rejoining the realm…

Still unreachable

The connection could not be restored.

Session expired

The server has moved on; the page needs a fresh start.